 Dungeon Crawl Stone Soup version 0.27-a0-46-g34d46f0a3f (webtiles) character file.

Game seed: 14555075427359476491

46 Borgoz the Ruffian (level 3, 0/30 HPs)
             Began as a Ghoul Gladiator on Jan 6, 2021.
             Slain by a goblin (5 damage)
             ... led by Robin
             ... on level 1 of the Dungeon.
             The game lasted 00:01:19 (916 turns).

Borgoz the Ruffian (Ghoul Gladiator)                 Turns: 916, Time: 00:01:19

Health: 0/30       AC:  9    Str: 18    XL:     3   Next: 66%
Magic:  2/2        EV: 11    Int:  3    God:
Gold:   52         SH:  0    Dex: 10    Spells: 2/2 levels left

rFire    . . .     SeeInvis .     - Unarmed
rCold    + . .     Faith    .   (no shield)
rNeg     + + +     Spirit   .   d - +0 ring mail
rPois    ∞         Reflect  .   b - +0 helmet
rElec    .         Harm     .   (no cloak)
rCorr    +         Rampage  .   (no gloves)
Will     .....                  f - +2 pair of boots
Stlth    ..........             (no amulet)
HPRegen  0.00/turn              e - ring of resist corrosion
MPRegen  0.08/turn              (no ring)

@: no status effects
A: claws 1, cold resistance 1, negative energy resistance 3, inhibited
regeneration, torment resistance, unbreathing
a: no special abilities


You were on level 1 of the Dungeon.
You visited 1 branch of the dungeon, and saw 2 of its levels.

You collected 52 gold pieces.

Inventory:

Missiles
 c - 3 throwing nets (quivered)
Armour
 b - a +0 helmet (worn)
 d - a +0 ring mail (worn)
 f - a +2 pair of boots (worn)
Jewellery
 e - a ring of resist corrosion (left claw)
Scrolls
 a - 2 scrolls of identify
 g - 2 scrolls of fear


   Skills:
 + Level 2.9 Fighting
 - Level 1.7 Throwing
 + Level 1.2 Armour
 + Level 3.0 Dodging
 + Level 3.7 Unarmed Combat


You had 2 spell levels left.
You didn't know any spells.
Your spell library was empty.

Dungeon Overview and Level Annotations

Branches:
Dungeon (2/15)

Altars:

Annotations:
D:2 Robin


Innate Abilities, Weirdness & Mutations

You thrive by killing the living.
You are immune to poison.
You have sharp fingernails.
Your flesh is cold resistant. (rC+)
You are immune to negative energy. (rN+++)
You do not regenerate when monsters are visible.
You are immune to unholy pain and torment.
You can survive without breathing.


Message History

You climb upwards.
There is a stone staircase leading down here.
You are too injured to fight recklessly!
You are too injured to fight recklessly!
You are too injured to fight recklessly!
You scratch the rat but do no damage. Your claw misses the rat.
The goblin misses you. The hobgoblin closely misses you.
The rat closely misses you.
You completely miss the rat. The goblin hits you.
The hobgoblin hits you but does no damage.
The rat bites you but does no damage.
You scratch the rat.
You kill the rat!
The goblin hits you.
* * * LOW HITPOINT WARNING * * *
The hobgoblin misses you. The hobgoblin closely misses you.
You aren't carrying any potions.
You closely miss the goblin. The goblin hits you.
You die...

#.###########.# #.#
#.# #.####### #.# ###
#>......# #.# #..
#..####.# #.# #.#
#..# #.# #.# #.# #..#
#.# #.# #.#
#..####.#####.# #.#
#...@gg..)....#####..
##.####.>............
#.# #########.#####
#.# ##...## #.# #
#.###.....# #.# #
#.(.......# #.#
#####†....# #.#
##...## #.# ##.##
##.##


You could see a hobgoblin (strong) and a goblin (strong).

Vanquished Creatures
  5 dart slugs (D:1)
  A leopard gecko (D:1)
  2 ball pythons (D:1)
  3 bats (D:1)
  9 goblins
  5 hobgoblins
  A frilled lizard (D:1)
  4 kobolds (D:1)
  4 rats (D:1)
34 creatures vanquished.

Notes
Turn   | Place    | Note
-------+----------+-------------------------------------------
     0 | D:1      | Borgoz the Ghoul Gladiator began the quest for the Orb.
     0 | D:1      | Reached XP level 1. HP: 17/17 MP: 0/0
    76 | D:1      | Reached XP level 2. HP: 16/25 MP: 1/1
   334 | D:1      | Reached XP level 3. HP: 27/30 MP: 2/2
   472 | D:1      | Reached skill level 1 in Armour
   870 | D:2      | Noticed Robin
   916 | D:1      | Slain by a goblin

Illustrated notes

Levels and vault maps discovered:
D:1:      minmay_arrival_cross, layout_loops_ring, serial_forest,
          infiniplex_forest_straight_3, infiniplex_forest_lined_3,
          infiniplex_forest_clump_small, infiniplex_forest_clump_long,
          infiniplex_forest_straight_3, infiniplex_forest_lined_2,
          minmay_crystal_room
D:2:      layout_loops_ring, serial_forest, infiniplex_forest_lined_ring,
          infiniplex_forest_corner_1, infiniplex_forest_lined_room_2,
          infiniplex_forest_lined_corner, infiniplex_forest_clump_long,
          infiniplex_forest_straight_4, infiniplex_forest_clump_tiny,
          minivault_14, uniq_natasha, uniq_crazy_yiuf_cottage, uniq_sigmund,
          uniq_robin

Skill      XL: |  1  2  3 |
---------------+----------+-----
Dodging        | 3 |  3.0
Armour         | 1 |  1.2
Fighting       | |  2.9
Throwing       | |  1.7
Unarmed Combat | |  3.7

Action                   || total
-------------------------++-------
Melee: Unarmed           ||    95
       Punch             ||     4
  Use: Scroll            ||     4
Armor: Ring mail         ||    47
Dodge: Dodged            ||    51

Table legend: (Time is in decaauts)
 A = Elapsed time spent in this place.
 B = Non-inter-level travel time spent in this place.
 C = Inter-level travel time spent in this place.
 D = Time resting spent in this place.
 E = Time spent auto-exploring this place.
 F = Levels seen in this place.
 G = Mean time per level.
                   A        B        C        D        E       F      G
               +--------+--------+--------+--------+--------+-----+--------+
         Total |    910 |    843 |     67 |      0 |    633 |   2 |  455.0 |
       Dungeon |    910 |    843 |     67 |      0 |    633 |   2 |  455.0 |
               +--------+--------+--------+--------+--------+-----+--------+

Top non-repeatable levels by time:
     D:1: 871 daAuts
     D:2: 39 daAuts
